Unix NetHack Version 3.7.0-58 Work-in-progress - last build May 9 2022 01:57:28 (68cf6e19034123fb635188453c0de67a0aba65fd,branch:master). Game began 2022-05-13 21:24:16, ended 2022-05-14 20:25:29. rsa, lawful female dwarven Valkyrie ----------- |.........| |...._....| ------- -------- |.........| |.^...| |......| |.........| |......## |......| |..........# |....>| ####### ##.......| --.-------- |.....| #------ # |...---- ########## #-----.- #......#### |...| # ################## |....| |...| ############ # # ####|....| -.-.- # ### ## # #------ ##### # ## # # # # ## ## # ####### ######## # ## ######## # -.-.---|-# # -|---------.--- |........# ##### |.............| |.......| -------------|-- |.............| |.......| |...*......+mf@| |%.....<......| |.......| |..%.*.*)))..@+| --------------- --------- ---------------- Rsa the Stripling St:15 Dx:17 Co:17 In:9 Wi:10 Ch:7 Lawful S:398 Dlvl:4 $:76 HP:0(18) Pw:1(1) AC:0 Xp:1/18 T:1601 Latest messages: What do you want to throw? [$bim or ?*] m In what direction? 4 The arrow misses the small mimic. You relinquish a cursed arrow and receive 1 gold piece in compensation. What do you want to throw? [$bim or ?*] m In what direction? 4 The arrow misses the small mimic. You relinquish a cursed arrow and receive 1 gold piece in compensation. You stop. FELIX is in the way! The small mimic hits! FELIX drops an uncursed spellbook of detect monsters. What do you want to throw? [$bim or ?*] m In what direction? 4 The arrow misses the small mimic. You relinquish a cursed arrow and receive 1 gold piece in compensation. What do you want to throw? [$bim or ?*] m In what direction? 4 The arrow misses the small mimic. You relinquish a cursed arrow and receive 1 gold piece in compensation. What do you want to throw? [$bim or ?*] m In what direction? 4 The arrow misses the small mimic. You relinquish a cursed arrow and receive 1 gold piece in compensation. What do you want to throw? [$bim or ?*] m In what direction? 4 The arrow misses the small mimic. You relinquish a cursed arrow and receive 1 gold piece in compensation. What do you want to throw? [$bim or ?*] m In what direction? 4 The arrow misses the small mimic. You relinquish a cursed arrow and receive 1 gold piece in compensation. What do you want to throw? [$bim or ?*] m In what direction? 4 The arrow misses the small mimic. You relinquish a cursed arrow and receive 1 gold piece in compensation. The throw command does not accept 'm' prefix. The throw command does not accept 'm' prefix. What do you want to throw? [$bim or ?*] m In what direction? 4 The arrow misses the small mimic. You relinquish a cursed arrow and receive 1 gold piece in compensation. You hit the small mimic. The small mimic hits! You die... Hebiwerie gratefully inherits all your possessions. Do you want to see what you had when you died? [ynq] (y) n Do you want to see your attributes? [ynq] (y) n Do you want an account of creatures vanquished? [ynaq] (y) y Do you want to see your conduct and achievements? [ynq] (y) y Do you want to see the dungeon overview? [ynq] (y) y Major events: Turn 1: rsa the lawful dwarven Valkyrie entered the dungeon 829: entered the Gnomish Mines 1601: killed by a small mimic Inventory: Coins $ - 76 gold pieces Weapons i - 7 +0 arrows m - 6 cursed -2 arrows b - a +0 dagger (alternate weapon; not wielded) a - a +1 long sword (weapon in hand) Armor c - an uncursed +3 small shield (being worn) h - an uncursed +1 elven mithril-coat (being worn) Comestibles l - an uncursed hedelma n - 2 uncursed food rations x - an uncursed lembas wafer s - an uncursed pear e - an uncursed tripe ration u - an uncursed tripe ration k - 2 cursed tripe rations f - an uncursed tin of broiled lichen Scrolls z - an uncursed scroll of blank paper Wands q - a wand of magic missile (0:6) Tools g - a bag of tricks (0:6) o - an uncursed brass lantern r - an uncursed leash t - an uncursed tin whistle Gems/Stones A - an uncursed worthless piece of violet glass Rsa the Valkyrie's attributes: Background: You were a Stripling, a level 1 dwarven Valkyrie. You were lawful, on a mission for Tyr who was opposed by Odin (neutral) and Loki (chaotic). You were in the Dungeons of Doom, on level 4. You entered the dungeon 1601 turns ago. You had 18 experience points, 2 more were needed to attain level 2. Your score was 398 before end-of-game adjustments. Basics: You had 0 out of 18 hit points. You had 1 out of 1 energy points (spell power). Your armor class was 0. Your wallet contained 76 zorkmids. Autopickup was off. Final Characteristics: Your strength was 15 (limit:18/100). Your dexterity was 17 (limit:20). Your constitution was 17 (limit:20). Your intelligence was 9 (limit:16). Your wisdom was 10 (limit:16). Your charisma was 7 (limit:16). Final Status: You were not hungry. You were unencumbered. You were wielding a long sword. You had basic skill with long sword. Final Attributes: You were devoutly aligned. You were cold resistant. You had infravision. You were stealthy. You were guarded. You are dead. Miscellaneous: You never encountered a bones level. Total elapsed playing time was 2 hours, 41 minutes and 12 seconds. Vanquished creatures: a gas spore a gecko 6 jackals 4 foxes 4 sewer rats 2 grid bugs 2 lichens a kobold zombie 8 newts 29 creatures vanquished. No species were genocided or became extinct. Voluntary challenges: You read items or engraved 6 times. You never engraved Elbereth. You never genocided any monsters. You never polymorphed an object. You never changed form. You used no wishes. Achievements: You entered the Gnomish Mines. You entered a shop. The Dungeons of Doom: levels 1 to 5 Level 1: A fountain. Level 2: A fountain. Level 3: Stairs down to The Gnomish Mines. Level 4: <- You were here. A general store, an altar. Final resting place for you, killed by a small mimic. Level 5: The Gnomish Mines: Level 4: Game over: ---------- / \ / REST \ / IN \ / PEACE \ / \ | rsa | | 0 Au | | killed by a | | small mimic | | | | | | 2022 | *| * * * | * _________)/\\_//(\/(/\)/\//\/|_)_______ Farvel rsa the Valkyrie... You died in The Dungeons of Doom on dungeon level 4 with 322 points, and 0 pieces of gold, after 1601 moves. You were level 1 with a maximum of 18 hit points when you died.